cohdb
Replays
Latest Replays
All Replays
Popular Replays
Top Player Replays
Match Explorer
How It Works
Community
CoH3 Stats
Reddit
Sign in to upload your games and track your stats! →
Sign in with Steam
Match 44353778
Unlisted
Match 44353778
Overview
Messages
Build Orders
End
Vickers Machine Gun Team
Selects Indian Artillery Battlegroup
Construct Section Command Post
Infantry Section
Infantry Section
Grenade Package
Royal Engineer Section
Selects Towed ML 4.2-inch Heavy Mortar
Construct Platoon Command Post
Towed ML 4.2-inch Heavy Mortar
Construct Platoon Command Post
Selects War Cry
Selects Gurkha Rifles Section
6-pounder Anti-tank Gun Team
Gurkha Rifles Section
Humber Armored Car
Selects Pillage
robwarrior
Zyxuan
0
0
Comments
sign in to comment!
No comments posted yet!